 Dungeon Crawl Stone Soup version 0.32-a0-329-ge6c31236d6 (webtiles) character file.

Game seed: 16454088999299678494

26 Asceticacid the Changeling (level 2, 14/14 HPs)
             Began as a Felid Shapeshifter on Feb 16, 2024.
             Quit the game on level 1 of the Dungeon.
             The game lasted 00:00:22 (161 turns).

Asceticacid the Changeling (Felid Shapeshifter)      Turns: 161, Time: 00:00:22

Health: 14/14      AC:  1    Str: 10    XL:     2   Next: 89%
Magic:  3/3        EV: 17    Int: 13    God:
Gold:   23         SH:  0    Dex: 15    Spells: 1/1 levels left
                                        Lives:  0   Deaths: 1

rFire   . .          .
                       - Unarmed
rCold   . . .        (shield unavailable)
rNeg    . . .        (body armour unavailable)
rPois   .            (helmet unavailable)
rElec   .            (cloak unavailable)
rCorr   .            (gloves unavailable)
SInv    +            (boots unavailable)
Will    .....        (no amulet)
Stlth   +            (no ring)
HPRegen 0.22/turn    (no ring)
MPRegen 0.08/turn

%: no passive effects
@: beast-form
A: beast (slay +1), very small, claws 1, fangs 3, see invisible, shaggy fur 1,
stealthy paws, no weapons or thrown items, no armour, multi-lived
a: Begin Untransformation


You were on level 1 of the Dungeon.
You were a hulking beast.
You visited 1 branch of the dungeon, and saw 1 of its levels.

You collected 23 gold pieces.

Inventory:

Talismans
 b - a beast talisman (active)
 c - a flux talisman
Scrolls
 d - a scroll of identify {unknown}
Potions
 a - a potion of lignification


   Skills:
 + Level 1.0 Fighting
 + Level 3.1 Dodging
 + Level 3.2 Unarmed Combat
 + Level 3.3 Shapeshifting


You had one spell level left.
You didn't know any spells.
Your spell library was empty.

Dungeon Overview and Level Annotations

Branches:
Dungeon (1/15)

Altars:


Innate Abilities, Weirdness & Mutations

You are a hulking beast.
Your limbs bulge with bestial killing power. (Slay +1)
You have sharp claws.
You have razor-sharp teeth.
You have supernaturally acute eyesight. (SInv)
You are covered in fur. (AC +1)
Your paws help you pounce on unaware monsters.
You are incapable of wielding weapons or throwing items.
You cannot wear armour.
You gain extra lives every three experience levels.


Message History

The quokka closely misses you. The jackal attacks as it pursues you!
The jackal barely misses you. The jackal completely misses you.
There is an open door here.
The jackal misses you. The jackal misses you.
Things that are here:
a +0 dagger; 4 stones
Things that are here:
a +0 club; a hobgoblin corpse You scratch the jackal but do no damage.
You bite the jackal.
You kill the jackal!
You scratch the quokka but do no damage.
The quokka closely misses you.
You closely miss the quokka. The quokka bites you.
You scratch the quokka.
The quokka is severely wounded.
The quokka barely misses you.
You are too injured to fight recklessly!
You claw the quokka!
You kill the quokka!
You are too injured to fight recklessly!
You closely miss the goblin. The goblin barely misses you.
You barely miss the goblin.
The goblin hits you with a +1 dagger of venom.
You are lethally poisoned!
You are too injured to fight recklessly!
You scratch the goblin.
The goblin is severely wounded.
* * * LOW HITPOINT WARNING * * *
You feel very sick.
You barely miss the goblin. You bite the goblin.
You kill the goblin!
You die...
Your shape twists and changes as you die.
You feel very sick.
You rejoin the land of the living...
Found a leather armour.
Found a stone staircase leading down.
Are you sure you want to abandon this character and quit the game? (Confirm with "yes".)

#.#
#.#
#.#
#.#
#.#
#.#
#.#
#h#
#.#
#.#
#.#
#.#
#[#
#>#
..#


There were no monsters in sight!

Vanquished Creatures
  A giant cockroach (D:1)
  2 goblins (D:1)
  2 hobgoblins (D:1)
  4 jackals (D:1)
  A quokka (D:1)
  A ball python (D:1)
  2 kobolds (D:1)
  A rat (D:1)
14 creatures vanquished.

Notes
Turn   | Place    | Note
-------+----------+-------------------------------------------
     0 | D:1      | Asceticacid the Felid Shapeshifter began the quest for the
                  | Orb.
     0 | D:1      | Reached XP level 1. HP: 10/10 MP: 2/2
    31 | D:1      | Reached XP level 2. HP: 2/14 MP: 3/3
   160 | D:1      | Succumbed to a goblin's poison
   160 | D:1      | Lost a life (0 lives remaining)
   161 | D:1      | Quit the game

Illustrated notes

Levels and vault maps discovered:
D:1:      minmay_arrival_nine_rooms, layout_rooms, serial_shops,
          nicolae_shop_just_a_little_nook

Skill      XL: |  1 |
---------------+----+-----
Dodging        | 3 |  3.1
Shapeshifting  | 3 |  3.3
Fighting       | |  1.0
Unarmed Combat | |  3.2

Action                     || total
---------------------------++-------
  Melee: Unarmed           ||    28
         Bite              ||     2
 Armour: Skin              ||    14
  Dodge: Dodged            ||    34

Table legend: (Time is in decaauts)
 A = Elapsed time spent in this place.
 B = Non-inter-level travel time spent in this place.
 C = Inter-level travel time spent in this place.
 D = Time resting spent in this place.
 E = Time spent auto-exploring this place.
 F = Levels seen in this place.
 G = Mean time per level.
                   A        B        C        D        E       F      G
               +--------+--------+--------+--------+--------+-----+--------+
         Total |    160 |    160 |      0 |     55 |     36 |   1 |  160.0 |
       Dungeon |    160 |    160 |      0 |     55 |     36 |   1 |  160.0 |
               +--------+--------+--------+--------+--------+-----+--------+

Top non-repeatable levels by time:
     D:1: 160 daAuts
